 Dungeon Crawl Stone Soup version 0.19.0-19-g8c6edcc (webtiles) character file.

16458 tsouns the Spear-Bearer (level 12, -2/106 HPs)
             Began as a Purple Draconian Fighter on Nov 12, 2016.
             Was the Champion of Dithmenos.
             Slain by an ice devil (22 damage)
             ... in an ice cave.
             The game lasted 00:52:42 (14928 turns).

tsouns the Spear-Bearer (Purple Draconian Fighter) Turns: 14928, Time: 00:52:43

Health: -2/106     AC: 21    Str: 20    XL:     12   Next: 10%
Magic:  19/19      EV: 13    Int: 11    God:    Dithmenos [******]
Gold:   346        SH: 10    Dex: 12    Spells: 2 memorised, 7 levels left

rFire  + . .     SeeInvis .     q - +2 trident (protect)
rCold  . . .     Gourm    .     (armour unavailable)
rNeg   . . .     Faith    +     b - +0 shield
rPois  .         Spirit   .     (helmet restricted)
rElec  +         Reflect  .     C - +1 cloak {MR+}
rCorr  .         Harm     .     A - +0 pair of gloves
MR     ++...                    v - +2 pair of boots
Stlth  ++++++....               h - amulet of faith
                                E - ring of protection from fire
                                H - ring of stealth

@: protection aura, slowed, wreathed by umbra, very slow
A: breathe power, unfitting armour, electricity resistance, cold-blooded, AC +8
a: Breathe Dispelling Energy, Shadow Step, Shadow Form, Renounce Religion


You were in an ice cave.
You worshipped Dithmenos.
Dithmenos was exalted by your worship.
You were hungry.

You visited 3 branches of the dungeon, and saw 14 of its levels.
You also visited: Ossuary and Ice Cave.

You collected 500 gold pieces.
You spent 154 gold pieces at shops.

Inventory:

Hand Weapons
 a - a +1 trident of freezing
 c - a +0 halberd
 q - a +2 trident of protection (weapon)
 r - a +0 blowgun
Missiles
 l - 244 stones
 m - 31 poisoned needles
 y - 2 throwing nets
 B - 5 tomahawks (quivered)
Armour
 b - a +0 shield (worn)
 v - a +2 pair of boots (worn)
 A - a +0 pair of gloves (worn)
 C - a +1 cloak of magic resistance (worn)
Jewellery
 h - an amulet of faith (around neck)
 k - an uncursed ring of resist corrosion
 E - a ring of protection from fire (right hand)
 H - a ring of stealth (left hand)
Wands
 J - a wand of slowing (27/48)
Scrolls
 j - 2 scrolls of remove curse
 I - 2 scrolls of amnesia
 M - 2 scrolls of enchant weapon
Potions
 e - a potion of agility
 f - 4 potions of flight
 g - a potion of lignification
 i - 2 potions of haste
 o - a potion of cancellation
 s - 2 potions of berserk rage
 t - 2 potions of heal wounds
 u - a potion of ambrosia {unknown}
 w - 3 potions of brilliance
 x - a potion of degeneration {unknown}
 z - 3 potions of curing
 F - 2 potions of magic {unknown}
 G - 2 potions of resistance {unknown}
Books
 D - a book of Necromancy

   Spells                             Type                      Level
   a - Pain                           Necromancy                   1
   b - Animate Skeleton               Necromancy                   1
   c - Vampiric Draining              Necromancy                   3
   d - Regeneration                   Charms/Necromancy            3
   e - Animate Dead                   Necromancy                   4
   f - Control Undead                 Necromancy                   4
 K - a book of Air

   Spells                             Type                      Level
   a - Shock                          Conjuration/Air              1
   b - Swiftness                      Charms/Air                   2
   c - Repel Missiles                 Charms/Air                   2
   d - Static Discharge               Conjuration/Air              3
   e - Lightning Bolt                 Conjuration/Air              5
Miscellaneous
 L - a phantom mirror
Comestibles
 d - 11 bread rations
 n - 5 meat rations
 p - 10 chunks of flesh


   Skills:
 + Level 9.7 Fighting
 + Level 13.3 Polearms
 + Level 5.5 Dodging
 - Level 4.2 Stealth
 + Level 5.5 Shields
 - Level 9.5 Invocations


You had 7 spell levels left.
You knew the following spells:

 Your Spells              Type           Power        Failure   Level  Hunger
a - Repel Missiles        Chrm/Air       #.....       99%         2    ###....
b - Swiftness             Chrm/Air       #.......     99%         2    ###....


Dungeon Overview and Level Annotations

Branches:
Dungeon (10/15)            Temple (1/1) D:4            Lair (3/6) D:10
    Orc (0/2) D:9
  Swamp: Lair:2-4    Shoals: Lair:2-4     Snake: Lair:2-4    Spider: Lair:2-4

Altars:
Ashenzari
Cheibriados
Dithmenos
Elyvilon
Fedhas
Gozag
Hepliaklqana
Kikubaaqudgha
Makhleb
Nemelex Xobeh
Okawaru
Qazlal
Ru
Sif Muna
Trog
Uskayaw
Vehumet
Xom
Yredelemnul
Zin
The Shining One

Shops:
D:7 !   D:10 =

Annotations:
IceCv exclusion: 2 ice statues


Innate Abilities, Weirdness & Mutations

You can breathe bolts of dispelling energy.
Your rich purple scales are hard. (AC +8)
You cannot fit into any form of body armour.
You are cold-blooded and may be slowed by cold attacks.
You are resistant to electric shocks. (rElec)


Message History

You tail-slap the ice devil, but do no damage.
The ice devil is almost dead.
You feel yourself speed up. The ice devil hits you! The ice devil freezes you!!
You feel yourself slow down. You block the ice devil's attack.
You are too injured to fight recklessly!
You are too injured to fight recklessly!
You are too injured to fight recklessly!
You are too injured to fight recklessly!
You closely miss the ice devil.
The ice devil is almost dead.
Your shadow hits the ice devil but does no damage.
The ice devil hits you but does no damage. x2
The ice devil closely misses you.
You feel yourself speed up.
You are feeling hungry.
The ice devil hits you!
* * * LOW HITPOINT WARNING * * *
The ice devil freezes you!!
You feel yourself slow down.
You die...

#.............#
##...........##
##8#.....#8## #
##...## #
##...# #...##
#..4## ##.4.#
##..@##
##.....##
#...∩...#
#...∩...#
##.....##
##...## #####


You could see 2 ice devils.

Vanquished Creatures
  3 hydras
  A centaur warrior (Lair:1)
  Nergalle (Lair:1)
  A black mamba (Lair:2)
  Joseph (D:8)
  A spiny frog (Lair:1)
  A kobold demonologist (D:9)
  2 komodo dragons
  A centaur skeleton (D:10)
  Prince Ribbit (D:6)
  A polar bear (Lair:2)
  A hornet (D:10)
  A hippogriff (Lair:3)
  A wraith (D:10)
  A wyvern (Lair:3)
  27 yaks
  A basilisk (Lair:2)
  2 steam dragons (D:5)
  Menkaure (Ossuary)
  2 wargs (D:9)
  2 hell hounds (Lair:1)
  5 water moccasins
  3 porcupines
  A black bear (D:6)
  3 orc warriors
  3 ice beasts
  2 phantoms
  4 ogres
  2 centaurs
  4 crocodiles
  A big kobold (D:8)
  7 bullfrogs
  2 water moccasin zombies
  4 scorpions
  4 killer bees
  4 howler monkeys
  5 electric eels (Lair:2)
  4 crimson imps
  2 bullfrog zombies
  A gnoll shaman (D:4)
  A bullfrog skeleton (D:6)
  7 hounds
  A jelly (D:7)
  11 orc priests
  Crazy Yiuf (D:2)
  2 iguanas
  17 orc wizards
  6 worker ants
  A hound skeleton (D:4)
  4 mummies
  2 worker ant zombies (D:5)
  13 gnolls
  A howler monkey skeleton (D:10)
  8 adders
  5 shadow imps
  An adder skeleton (D:5)
  4 worms
  2 dart slugs
  7 leopard geckos
  85 orcs
  14 bats
  6 giant cockroaches
  2 gnoll zombies (Ossuary)
  8 goblins
  14 hobgoblins
  16 jackals
  12 kobolds
  5 quokkas
  5 frilled lizards
  3 gnoll skeletons (Ossuary)
  2 goblin skeletons (Ossuary)
  4 goblin zombies (Ossuary)
  3 hobgoblin skeletons (Ossuary)
  3 hobgoblin zombies (Ossuary)
  3 jackal skeletons
  3 kobold skeletons (Ossuary)
  A leopard gecko zombie (D:6)
  3 orc skeletons (Ossuary)
  3 orc zombies (Ossuary)
  A quokka zombie (D:9)
  5 rats
  4 rat skeletons (Ossuary)
  2 rat zombies (Ossuary)
415 creatures vanquished.

Vanquished Creatures (others)
  An orc wizard (D:4)
  An adder (D:8)
  An orc (D:8)
  A gnoll zombie (Ossuary)
  A gnoll skeleton (Ossuary)
  A goblin skeleton (Ossuary)
  A goblin zombie (Ossuary)
  A hobgoblin skeleton (Ossuary)
  A hobgoblin zombie (Ossuary)
  A kobold skeleton (Ossuary)
  A kobold zombie (Ossuary)
  3 orc zombies (Ossuary)
  3 rat skeletons (Ossuary)
  4 rat zombies (Ossuary)
  A fungus (D:5)
22 creatures vanquished.

Grand Total: 437 creatures vanquished

Notes
Turn   | Place    | Note
-------+----------+-------------------------------------------
     0 | D:1      | tsouns the Draconian Fighter began the quest for the Orb.
     0 | D:1      | Reached XP level 1. HP: 19/19 MP: 1/1
   268 | D:1      | Reached XP level 2. HP: 24/26 MP: 2/2
   495 | D:1      | Reached skill level 3 in Polearms
   535 | D:1      | Reached XP level 3. HP: 33/33 MP: 3/3
  1175 | D:2      | Reached XP level 4. HP: 40/40 MP: 4/4
  1395 | D:2      | Reached skill level 4 in Polearms
  1553 | D:2      | Found a runed door.
  1607 | D:3      | Found an iron altar of Okawaru.
  1939 | D:3      | Reached XP level 5. HP: 28/47 MP: 5/5
  2392 | D:4      | Noticed a phantom
  2397 | D:4      | Found a staircase to the Ecumenical Temple.
  2412 | Temple   | Entered the Ecumenical Temple
  2593 | Temple   | Became a worshipper of Dithmenos the Shadowed
  2664 | D:4      | Reached skill level 5 in Fighting
  2664 | D:4      | Reached skill level 5 in Polearms
  2948 | D:4      | Reached XP level 6. HP: 38/56 MP: 6/6
  3095 | D:4      | Reached skill level 6 in Polearms
  3234 | D:3      | Your scales start taking on a rich purple colour.
  3234 | D:3      | Reached XP level 7. HP: 21/62 MP: 7/7
  3520 | D:3      | Reached * piety under Dithmenos
  3886 | D:4      | Reached skill level 7 in Polearms
  4302 | D:4      | Reached ** piety under Dithmenos
  4598 | D:5      | Entered Level 5 of the Dungeon
  4719 | D:5      | Reached skill level 1 in Stealth
  4947 | D:5      | Reached XP level 8. HP: 68/71 MP: 8/8
  5197 | D:5      | Reached skill level 8 in Polearms
  5616 | D:6      | Noticed Prince Ribbit
  5617 | D:6      | Found a shimmering altar of Xom.
  5619 | D:6      | Found a shattered altar of Ashenzari.
  5660 | D:6      | Killed Prince Ribbit
  5948 | D:6      | Reached *** piety under Dithmenos
  6042 | D:6      | Reached skill level 9 in Polearms
  6434 | D:7      | Reached XP level 9. HP: 80/80 MP: 9/9
  6451 | D:7      | Found Legil's Distillery.
  6459 | D:7      | Bought a potion of curing for 42 gold pieces
  6459 | D:7      | Bought a potion of invisibility for 112 gold pieces
  6608 | D:7      | Found an opulent altar of Gozag.
  6754 | D:7      | Reached **** piety under Dithmenos
  7587 | D:8      | Noticed Joseph
  7606 | D:8      | Found a sand-covered staircase.
  7616 | Ossuary  | Entered an ossuary
  7838 | Ossuary  | Reached ***** piety under Dithmenos
  7869 | Ossuary  | Noticed Menkaure
  7891 | Ossuary  | Killed Menkaure
  8127 | Ossuary  | Reached skill level 10 in Polearms
  8241 | D:8      | Killed Joseph
  8732 | D:8      | Found a burning altar of Makhleb.
  8802 | D:8      | Gained mutation: You are resistant to electric shocks. (rElec) [potion of beneficial mutation]
  9797 | D:2      | Noticed Crazy Yiuf
  9803 | D:2      | Killed Crazy Yiuf
  9932 | D:5      | Reached XP level 10. HP: 86/90 MP: 10/10
 10142 | D:9      | Found a staircase to the Orcish Mines.
 10311 | D:9      | Found a glowing golden altar of the Shining One.
 10393 | D:9      | Reached skill level 5 in Dodging
 10393 | D:9      | Reached skill level 5 in Shields
 10742 | D:10     | Entered Level 10 of the Dungeon
 10760 | D:10     | Reached ****** piety under Dithmenos
 10817 | D:10     | Found a staircase to the Lair.
 10943 | D:10     | Paralysed by a hornet for 1 turns
 10975 | D:10     | Found Lurea's Jewellery Boutique.
 10995 | D:10     | Noticed a four-headed hydra
 11038 | D:10     | Killed a four-headed hydra
 11038 | D:10     | Reached skill level 11 in Polearms
 11743 | D:10     | Reached XP level 11. HP: 65/99 MP: 14/14
 11978 | Lair:1   | Entered Level 1 of the Lair of Beasts
 12250 | Lair:1   | Reached skill level 5 in Invocations
 12344 | Lair:1   | Noticed a six-headed hydra
 12346 | Lair:1   | Found a shadowy altar of Dithmenos.
 12358 | Lair:1   | Killed a six-headed hydra
 12358 | Lair:1   | Reached skill level 12 in Polearms
 12700 | Lair:1   | Learned a level 2 spell: Repel Missiles
 12703 | Lair:1   | Learned a level 2 spell: Swiftness
 12799 | Lair:1   | Noticed a centaur warrior
 12810 | Lair:1   | Killed a centaur warrior
 13005 | Lair:1   | Noticed Nergalle
 13015 | Lair:1   | Killed Nergalle
 14369 | Lair:2   | Reached skill level 13 in Polearms
 14402 | Lair:2   | Noticed a six-headed hydra
 14416 | Lair:2   | Killed a six-headed hydra
 14700 | Lair:3   | Reached XP level 12. HP: 102/106 MP: 18/18
 14816 | Lair:3   | Found a frozen archway.
 14891 | IceCv    | Entered an ice cave
 14928 | IceCv    | Slain by an ice devil

Skill      XL: |  1  2  3  4  5  6  7  8  9 10 11 |
---------------+----------------------------------+-----
Polearms       | 3 4 5 6 7 9 10 11 13 | 13.3
Fighting       | 4 5 6 7 8 9 |  9.7
Stealth        | 1 3 4 |  4.2
Dodging        | 4 5 |  5.5
Shields        | 4 5 |  5.5
Invocations    | 4 9 |  9.5

Action                   |  1- 3 |  4- 6 |  7- 9 | 10-12 || total
-------------------------+-------+-------+-------+-------++-------
Melee: Trident           |   142 |   223 |   812 |   722 ||  1899
       Tailslap          |    10 |    16 |    71 |   108 ||   205
 Fire: Blowgun           |       |       |    17 |       ||    17
Throw: Stone             |       |     3 |     4 |       ||     7
       Tomahawk          |       |       |       |     4 ||     4
Invok: Shadow Form       |       |       |       |     1 ||     1
 Abil: Breathe Dispellin |       |       |    12 |     9 ||    21
       End Transformatio |       |       |       |     1 ||     1
Evoke: Wand              |       |       |     4 |     3 ||     7
       Phantom mirror    |       |       |       |     1 ||     1
  Use: Potion            |     1 |     2 |     7 |     6 ||    16
       Scroll            |       |     5 |    14 |     7 ||    26
 Stab: Sleeping          |       |     3 |    13 |    11 ||    27
       Distracted        |       |       |     8 |     2 ||    10
       Invisible         |       |       |       |     4 ||     4
  Eat: Chunk             |     1 |     5 |    13 |    13 ||    32
       Beef jerky        |       |     1 |     1 |     1 ||     3
       Bread ration      |       |       |     2 |       ||     2
       Royal jelly       |       |       |     1 |     2 ||     3
Armor: Skin              |    35 |    47 |   143 |   110 ||   335
Dodge: Dodged            |    50 |    68 |   222 |   195 ||   535
Block: Shield            |    57 |    79 |   210 |   182 ||   528
